 Dungeon Sprint DCSS version 0.29-a0-1009-g60c99734e7 (webtiles) character file.

Game seed: 11297629211608074801

37 Hubris850 the Cleaver (level 3, 0/40 HPs)
             Began as a Hill Orc Monk on Aug 8, 2022.
             Was a Believer of Hepliaklqana.
             Killed by divine providence
             ... invoked by an orc priest
              (13 damage)
             ... in the Dungeon (Sprint VII: "The Pits").
             The game lasted 00:01:54 (324 turns).

Hubris850 the Cleaver (Hill Orc Monk)                Turns: 324, Time: 00:01:55

Health: 0/40       AC:  2    Str: 15    XL:     3   Next: 41%
Magic:  3/3        EV: 12    Int: 10    God:    Hepliaklqana [**....]
Gold:   0          SH:  0    Dex: 13    Spells: 2/2 levels left

rFire   . . .      SeeInvis .   j - +2 hand axe
rCold   . . .      Faith    .   (no shield)
rNeg    . . .      Spirit   .   b - +0 robe
rPois   .          Reflect  .   (no helmet)
rElec   .          Harm     .   (no cloak)
rCorr   .          Rampage  .   (no gloves)
Will    .....      NoTele   +   (no boots)
Stlth   ..........              (no amulet)
HPRegen 0.13/turn               (no ring)
MPRegen 0.08/turn               (no ring)

@: berserking, very quick
A: reduced essence
a: Renounce Religion, Convert to Beogh, Recall Ancestor, Ancestor Identity


You were in the Dungeon.
You worshipped Hepliaklqana.
Hepliaklqana was pleased with you.
You visited 1 branch

Inventory:

Hand Weapons
 a - a +0 hand axe
 j - a +2 hand axe (weapon)
Armour
 b - a +0 robe (worn)
Scrolls
 i - a scroll of blinking
 l - 5 scrolls of amnesia
 m - a scroll of summoning
Potions
 c - a potion of ambrosia
 d - a potion of curing
 f - a potion of haste
 g - 4 potions of magic
 h - 2 potions of berserk rage
 k - 2 potions of invisibility


   Skills:
 - Level 3.6 Fighting
 * Level 8.0 Axes
 + Level 3.8 Armour
 - Level 2.4 Dodging
 - Level 1.5 Stealth


You had 2 spell levels left.
You didn't know any spells.
Your spell library was empty.

Dungeon Overview and Level Annotations

Branches:
Dungeon (1/1)

Altars:
Ashenzari
Cheibriados
Dithmenos
Elyvilon
Fedhas
Gozag
Hepliaklqana
Kikubaaqudgha
Makhleb
Nemelex Xobeh
Okawaru
Qazlal
Ru
Sif Muna
Trog
Uskayaw
Vehumet
Wu Jian
Xom
Yredelemnul
Zin
The Shining One
Beogh
Jiyva
Lugonu


Message History

Ouch! That really hurt!
* * * LOW HITPOINT WARNING * * *
The river rat barely misses you.
The orc barely misses Plamen.
The orc priest miscasts a cantrip.
The rat barely misses you.
Plamen points at the orc priest and mumbles some strange words.
The puff of frost hits the orc warrior!
The orc barely misses Plamen.
The orc warrior closely misses Plamen.
The rat bites Plamen.
You feel much better.
Plamen closely misses the rat.
The orc barely misses Plamen.
The orc warrior hits Plamen with a +0 mace!
Plamen is destroyed!
The river rat bites you.
The orc warrior shouts!
A red film seems to cover your vision as you go berserk!
You feel yourself moving faster!
You feel mighty! The river rat bites you. The rat closely misses you.
The orc priest mumbles some strange prayers to Beogh against you.
Beogh smites you!
You closely miss the rat. You closely miss the river rat. You slash the rat!
You kill the rat!
You hit the river rat. The river rat bites you.
You closely miss the orc. You closely miss the river rat.
You barely miss the orc. You hit the river rat. The river rat misses you.
You barely miss the orc warrior.
The orc warrior is severely wounded.
You hit the river rat but do no damage.
The orc priest shouts, "Beogh is our master!
Accept the truth or die!"
The orc priest shouts, "Beogh is our master!
Accept the truth or die!"
You hit the orc warrior but do no damage.
The orc warrior is severely wounded.
You closely miss the river rat. The river rat bites you.
You closely miss the orc warrior.
The orc warrior is severely wounded.
You hit the river rat.
You kill the river rat!
The orc priest mumbles some strange prayers to Beogh against you.
Beogh smites you!
You die...

##########'##..........
#.?(.')))'.##......#..#
##########.##..........
#..........÷'..........
#+#####)#####......#..#
#..#...'.##..........
#..#...#.#####'#####+
#.o#####.##.......#
#.o†@..#.##.......#
#..o...†.##.......#
#.†########...<...# #..
#.......# #.. #.......#
### #.......# #########


You could see an orc warrior, an orc priest and an orc.

Vanquished Creatures
  A river rat (D)
  4 jackals (D)
  A rat (D)
6 creatures vanquished.

Vanquished Creatures (collateral kills)
  A gnoll (D)
  2 adders (D)
  An endoplasm (D)
  A hobgoblin (D)
5 creatures vanquished.

Vanquished Creatures (others)
  A battlemage (D)
1 creature vanquished.

Grand Total: 12 creatures vanquished

Notes
Turn   | Place    | Note
-------+----------+-------------------------------------------
     0 | D        | Hubris850 the Hill Orc Monk began the quest for the Orb.
     0 | D        | Reached XP level 1. HP: 19/19 MP: 1/1
    20 | D        | Reached skill level 1 in Armour
    30 | D        | Reached skill level 5 in Axes
    71 | D        | Found a glowing golden altar of the Shining One.
    71 | D        | Found a glowing silver altar of Zin.
    71 | D        | Found a basalt altar of Yredelemnul.
    71 | D        | Found a shimmering altar of Xom.
    71 | D        | Found an ornate altar of the Wu Jian Council.
    71 | D        | Found a bloodstained altar of Trog.
    71 | D        | Found a shimmering blue altar of Sif Muna.
    71 | D        | Found a sacrificial altar of Ru.
    71 | D        | Found a stormy altar of Qazlal.
    71 | D        | Found an iron altar of Okawaru.
    71 | D        | Found a sparkling altar of Nemelex Xobeh.
    71 | D        | Found a burning altar of Makhleb.
    71 | D        | Found a viscous altar of Jiyva.
    71 | D        | Found a hazy altar of Hepliaklqana.
    71 | D        | Found an opulent altar of Gozag.
    71 | D        | Found a blossoming altar of Fedhas.
    71 | D        | Found a white marble altar of Elyvilon.
    71 | D        | Found a shadowy altar of Dithmenos.
    71 | D        | Found a snail-covered altar of Cheibriados.
    72 | D        | Found a radiant altar of Vehumet.
    72 | D        | Found a corrupted altar of Lugonu.
    72 | D        | Found a roughly hewn altar of Beogh.
    73 | D        | Found a hide-covered altar of Uskayaw.
    73 | D        | Found an ancient bone altar of Kikubaaqudgha.
    73 | D        | Found a broken altar of Ashenzari.
    85 | D        | Became a worshipper of Hepliaklqana the Forgotten
    85 | D        | Reached * piety under Hepliaklqana
    85 | D        | Reached ** piety under Hepliaklqana
    86 | D        | Remembered your ancestor Plamen as a battlemage
   290 | D        | Reached skill level 6 in Axes
   290 | D        | Reached XP level 2. HP: 23/23 MP: 2/2
   292 | D        | Reached skill level 7 in Axes
   292 | D        | Reached XP level 3. HP: 27/27 MP: 3/3
   311 | D        | Noticed an orc warrior
   314 | D        | Reached skill level 8 in Axes
   314 | D        | HP: 1/27 [orc warrior/+0 mace (17)]
   324 | D        | Killed from afar by an orc priest

Illustrated notes

Levels and vault maps discovered:
D:        pitsprint [storerooms_1, entrance_room_1, metal_vault_6, armoury_2,
          mini_pit_1, grid_room_1, main_hall_1, silver_pit, the_coven_1,
          the_vestibule_1, steel_vault_2, golden_pit, hallway_of_sentries,
          crystal_vault_1, iron_vault_1, final_vault]

Skill      XL: |  1  2  3 |
---------------+----------+-----
Armour         | 2 3 |  3.8
Axes           | 6 7 8 |  8.0
Fighting       | |  3.6
Dodging        | |  2.4
Stealth        | |  1.5

Action                   || total
-------------------------++-------
Melee: Hand axe          ||    49
Invok: Ancestor Life: Ba ||     1
       Ancestor Identity ||     1
  Use: Potion            ||     2
Armor: Robe              ||     9
Dodge: Dodged            ||    41

Table legend: (Time is in decaauts)
 A = Elapsed time spent in this place.
 B = Non-inter-level travel time spent in this place.
 C = Inter-level travel time spent in this place.
 D = Time resting spent in this place.
 E = Time spent auto-exploring this place.
 F = Levels seen in this place.
 G = Mean time per level.
                   A        B        C        D        E       F      G
               +--------+--------+--------+--------+--------+-----+--------+
         Total |    322 |    322 |      0 |    191 |      0 |   1 |  322.0 |
       Dungeon |    322 |    322 |      0 |    191 |      0 |   1 |  322.0 |
               +--------+--------+--------+--------+--------+-----+--------+

Top non-repeatable levels by time:
       D: 322 daAuts
